 Dungeon Crawl Stone Soup version 0.29-a0-559-g359e09b9d1 (webtiles) character file.

Game seed: 7524863086973487175

1975 Hubjo the Changer (level 9, 0/66 HPs)
             Began as a Demonspawn Transmuter on June 10, 2022.
             Was an Initiate of Makhleb.
             Slain by a killer bee (7 damage)
             ... on level 7 of the Dungeon.
             The game lasted 00:12:08 (6636 turns).

Hubjo the Changer (Demonspawn Transmuter)           Turns: 6636, Time: 00:12:09

Health: 0/66       AC:  4    Str: 11    XL:     9   Next: 0%
Magic:  15/15      EV: 15    Int: 15    God:    Makhleb [......]
Gold:   381        SH:  0    Dex: 23    Spells: 12/17 levels left

rFire   . . .      SeeInvis .     - Unarmed
rCold   . . .      Faith    .   (no shield)
rNeg    . . .      Spirit   .   a - +2 robe
rPois   .          Reflect  .   (helmet currently unavailable)
rElec   .          Harm     .   (no cloak)
rCorr   .          Rampage  .   (no gloves)
Will    .....                   (boots currently unavailable)
Stlth   +++.......              h - amulet of regeneration
HPRegen 1.01/turn               n - +6 ring of dexterity
MPRegen 0.14/turn               (no ring)

@: appendages (expiring)
A: horns 2, talons 2, repulsion field 2, powered by pain 1, weakness stinger 2
a: End Transformation, Renounce Religion


You were on level 7 of the Dungeon.
You worshipped Makhleb.
Makhleb was noncommittal.
You had temporarily grown beastly horns and talons.
You visited 1 branch of the dungeon, and saw 7 of its levels.

You collected 381 gold pieces.

Inventory:

Armour
 a - a +2 robe (worn)
Jewellery
 h - an amulet of regeneration (around neck)
 n - a +6 ring of dexterity (left hand)
Wands
 f - a wand of mindburst (8)
Scrolls
 e - a scroll of torment
 o - a scroll of enchant weapon
 p - 3 scrolls of brand weapon
Potions
 b - a potion of haste {unknown}
 d - 2 potions of flight


   Skills:
 + Level 4.6 Fighting
 - Level 1.7 Dodging
 + Level 4.2 Stealth
 + Level 4.9 Unarmed Combat
 + Level 4.5 Spellcasting
 * Level 5.9 Transmutations
 + Level 3.2 Ice Magic


You had 12 spell levels left.
You knew the following spells:

 Your Spells              Type           Power      Damage    Failure   Level
a - Beastly Appendage     Tmut           42%        N/A       1%          1
b - Ice Form              Ice/Tmut       17%        N/A       26%         4

Your spell library contained the following spells:

 Spells                   Type           Power      Damage    Failure   Level
 Wereblood                Tmut           21%        N/A       2%          2
 Spider Form              Tmut/Pois      12%        N/A       16%         3
 Confusing Touch          Hex            3%         N/A       45%         3
 Yara's Violent Unravell  Hex/Tmut       6%         3d5       80%         5
 Enfeeble                 Hex            1%         N/A       100%        7


Dungeon Overview and Level Annotations

Branches:
Dungeon (7/15)             Temple (0/1) D:7

Altars:
Elyvilon
Makhleb
Nemelex Xobeh
Qazlal
Sif Muna
Trog
Vehumet
Wu Jian

Shops:
D:5 =:*   D:6 (

Annotations:
D:7 Dowan, Duvessa


Innate Abilities, Weirdness & Mutations

You have temporarily grown beastly horns and talons.
You are surrounded by a moderate repulsion field. (EV +3)
You sometimes gain a little power by taking damage.
You have a tail ending in a sharp stinger.


Message History

The killer bee stings you but does no damage.
The killer bee misses you.
You barely miss the killer bee.
You claw the killer bee, but do no damage.
The killer bee is moderately wounded.
Your transformation is almost over.
You feel sick.
The killer bee stings you but does no damage.
The killer bee stings you.
* * * LOW HITPOINT WARNING * * *
The killer bee completely misses you. x2
You hit the killer bee. Your kick misses the killer bee.
The killer bee is heavily wounded.
You feel sick. The killer bee stings you.
* * * LOW HITPOINT WARNING * * *
The killer bee stings you!
* * * LOW HITPOINT WARNING * * *
You hit the killer bee. Your kick misses the killer bee.
You headbutt the killer bee.
The killer bee is almost dead.
You feel sick. The killer bee closely misses you.
The killer bee barely misses you. The killer bee closely misses you.
The killer bee stings you.
* * * LOW HITPOINT WARNING * * *
You are lethally poisoned!
The killer bee poisons you!
You feel better.
The killer bee stings you but does no damage.
The killer bee stings you.
* * * LOW HITPOINT WARNING * * *
You are poisoned.
The killer bee poisons you! The killer bee barely misses you.
The killer bee completely misses you.
You feel sick. The killer bee stings you.
* * * LOW HITPOINT WARNING * * *
The killer bee closely misses you.
You feel better. The killer bee closely misses you.
The killer bee completely misses you. The killer bee barely misses you.
The killer bee stings you!
You die...

...##........#.... #
#.....#.#....#'### #.
##.>..#............
#.##....##........)...
..##...##............
#+.##..###...........
##....#.###.+########.
#........#..........#.
#...y@#....#........#.
#...y.#..<.#.......(#.
+...†.#....#........#.
#.....#....#........#.
##.##.#....#####.####.
#. #.###... ###.#....
.. ... #....#...#....
.. ... #....#...#....
.## ####....#'###....


You could see 2 killer bees.

Vanquished Creatures
  Prince Ribbit (D:5)
  Menkaure (D:5)
  Edmund (D:5)
  A sky beast (D:7)
  A black bear (D:5)
  A centaur (D:6)
  3 ogres
  3 scorpions
  A killer bee (D:7)
  2 orc priests (D:7)
  5 hounds
  2 jellies
  A gnoll shaman (D:7)
  Ijyb (D:5)
  Jessica (D:3)
  4 iguanas
  4 orc wizards
  6 adders
  5 gnolls (D:7)
  A white imp (D:6)
  An ufetubus (D:6)
  3 worms
  A dart slug (D:2)
  17 orcs
  5 endoplasms
  9 giant cockroaches
  10 goblins
  10 hobgoblins
  11 jackals
  10 kobolds
  3 quokkas
  14 ball pythons
  7 bats
  4 frilled lizards
  5 rats
155 creatures vanquished.

Vanquished Creatures (others)
  5 fungi (D:2)
  4 plants (D:2)
9 creatures vanquished.

Grand Total: 164 creatures vanquished

Notes
Turn   | Place    | Note
-------+----------+-------------------------------------------
     0 | D:1      | Hubjo the Demonspawn Transmuter began the quest for the
                  | Orb.
     0 | D:1      | Reached XP level 1. HP: 15/15 MP: 3/3
   170 | D:1      | Gained mutation: You are surrounded by a mild repulsion
                  | field. (EV +2) [demonic ancestry]
   170 | D:1      | Reached XP level 2. HP: 16/21 MP: 3/5
   186 | D:1      | Reached skill level 2 in Transmutations
   471 | D:1      | Reached skill level 1 in Stealth
   543 | D:1      | Gained mutation: You sometimes gain a little power by
                  | taking damage. [demonic ancestry]
   543 | D:1      | Reached XP level 3. HP: 27/27 MP: 4/6
  1447 | D:2      | Found a faded altar of an unknown god.
  1494 | D:2      | Prayed at the altar of an unknown god.
  1494 | D:2      | Became a worshipper of Sif Muna the Loreminder
  1494 | D:2      | Reached * piety under Sif Muna
  1793 | D:3      | Gained mutation: You are surrounded by a moderate repulsion
                  | field. (EV +3) [demonic ancestry]
  1793 | D:3      | Reached XP level 4. HP: 31/33 MP: 5/7
  2086 | D:3      | Reached XP level 5. HP: 33/39 MP: 8/8
  2170 | D:3      | Reached ** piety under Sif Muna
  2760 | D:3      | Noticed Jessica
  2768 | D:3      | Killed Jessica
  2769 | D:3      | Reached skill level 3 in Transmutations
  3064 | D:3      | Learned a level 4 spell: Ice Form
  3710 | D:4      | Reached XP level 6. HP: 24/46 MP: 10/10
  4266 | D:5      | Entered Level 5 of the Dungeon
  4283 | D:5      | Found a bloodstained altar of Trog.
  4326 | D:5      | Found Ferasusa's Book Shop.
  4345 | D:5      | Reached skill level 1 in Ice Magic
  4417 | D:5      | Noticed Edmund
  4422 | D:5      | Found Huroguju's Assorted Antiques.
  4438 | D:5      | Killed Edmund
  4439 | D:5      | Gained mutation: You have a small tail. [demonic ancestry]
  4439 | D:5      | Reached XP level 7. HP: 14/52 MP: 11/11
  4506 | D:5      | Reached skill level 4 in Transmutations
  4578 | D:5      | Found an ornate altar of the Wu Jian Council.
  4584 | D:5      | Noticed Ijyb
  4608 | D:5      | Killed Ijyb
  4668 | D:5      | Noticed Menkaure
  4677 | D:5      | Killed Menkaure
  4751 | D:5      | Noticed Prince Ribbit
  4766 | D:5      | Killed Prince Ribbit
  4767 | D:5      | Reached XP level 8. HP: 28/60 MP: 12/14
  4806 | D:5      | Found Simuq's Jewellery Emporium.
  4819 | D:5      | Reached skill level 5 in Transmutations
  4892 | D:5      | Found a sparkling altar of Nemelex Xobeh.
  5054 | D:6      | Found Xilokips's Antique Weapon Shop.
  5630 | D:6      | Found a radiant altar of Vehumet.
  5631 | D:6      | Found a stormy altar of Qazlal.
  5632 | D:6      | Found a burning altar of Makhleb.
  5680 | D:6      | Fell from the grace of Sif Muna
  5680 | D:6      | Became a worshipper of Makhleb the Destroyer
  6165 | D:7      | Found a staircase to the Ecumenical Temple.
  6242 | D:7      | Noticed Duvessa
  6242 | D:7      | Noticed Dowan
  6627 | D:7      | Gained mutation: You have a tail ending in a sharp stinger.
                  | [demonic ancestry]
  6627 | D:7      | Reached XP level 9. HP: 34/66 MP: 15/15
  6633 | D:7      | HP: 3/66 [killer bee (3)]
  6635 | D:7      | HP: 1/66 [killer bee (5)]
  6636 | D:7      | Slain by a killer bee

Illustrated notes

Levels and vault maps discovered:
D:1:      dpeg_arrival_shrine, layout_loops_cross, st_stairs_5
D:2:      layout_rooms, dreamdust_ecumenical_altar_grove, minmay_pentomino_w2
D:3:      minmay_diamond_boxcup, layout_loops_ring, uniq_jessica
D:4:      layout_gridville, mainiacjoe_overflow_surrounded_room
D:5:      layout_rooms, nemelex_dance_club_becter,
          mainiacjoe_overflow_large_starburst, serial_shops,
          nicolae_shop_hallway_plus, nicolae_shop_statue_plus,
          nicolae_shop_crystal, uniq_ijyb, uniq_edmund, uniq_prince_ribbit1,
          uniq_menkaure
D:6:      layout_basic, minitemple, serial_shops, shop
D:7:      layout_gridville, minmay_temple_entry_wispy, uniq_duvessa

Skill      XL: |  1  2  3  4  5  6  7  8 |
---------------+-------------------------+-----
Transmutations | 2 3 4 5 |  5.9
Stealth        | 1 2 3 4 |  4.2
Unarmed Combat | 3 4 |  4.9
Fighting       | 2 3 4 |  4.6
Spellcasting   | 3 4 |  4.5
Ice Magic      | 1 2 3 |  3.2
Dodging        | |  1.7

Action                   |  1- 3 |  4- 6 |  7- 9 || total
-------------------------+-------+-------+-------++-------
Melee: Unarmed           |   134 |   171 |   196 ||   501
       Kick              |    23 |    42 |    65 ||   130
       Headbutt          |    16 |    27 |    41 ||    84
       Punch             |       |     4 |     8 ||    12
       Tailslap          |       |       |    29 ||    29
 Cast: Beastly Appendage |    27 |    36 |    31 ||    94
  Use: Scroll            |     2 |     3 |     6 ||    11
       Potion            |       |     1 |     9 ||    10
 Stab: Sleeping          |     4 |    12 |     6 ||    22
       Distracted        |     1 |       |       ||     1
Armor: Robe              |    22 |    31 |    33 ||    86
       Skin              |       |       |    18 ||    18
Dodge: Dodged            |   105 |   106 |   170 ||   381

Table legend: (Time is in decaauts)
 A = Elapsed time spent in this place.
 B = Non-inter-level travel time spent in this place.
 C = Inter-level travel time spent in this place.
 D = Time resting spent in this place.
 E = Time spent auto-exploring this place.
 F = Levels seen in this place.
 G = Mean time per level.
                   A        B        C        D        E       F      G
               +--------+--------+--------+--------+--------+-----+--------+
         Total |   6612 |   6464 |    148 |      0 |   5203 |   7 |  944.6 |
       Dungeon |   6612 |   6464 |    148 |      0 |   5203 |   7 |  944.6 |
               +--------+--------+--------+--------+--------+-----+--------+

Top non-repeatable levels by time:
     D:3: 1290 daAuts
     D:4: 1197 daAuts
     D:6: 1183 daAuts
     D:2: 944 daAuts
     D:1: 816 daAuts
     D:5: 702 daAuts
     D:7: 477 daAuts
